 Dungeon Crawl Stone Soup version 0.29-a0-837-g174bc33265 (webtiles) character file.

Game seed: 3622394790134153378

821 Querens the Covered (level 8, 0/65 (70) HPs)
             Began as a Meteoran Fighter on July 13, 2022.
             Slain by a wight
             ... wielding a +3 scimitar
              (4 damage)
             ... on level 6 of the Dungeon.
             The game lasted 00:09:34 (2942 turns).

Querens the Covered (Meteoran Fighter)              Turns: 2942, Time: 00:09:34

HP:   0/65 (70)     AC:  9    Str: 19    XL:     8   Next: 39%
MP:   9/9           EV: 10    Int:  9    God:
Gold: 212           SH:  6    Dex: 15    Spells: 7/7 levels left

rFire   . . .      SeeInvis .   a - +0 war axe
rCold   + . .      Faith    .   c - +0 buckler
rNeg    . . .      Spirit   .   m - +2 ring mail {rC+}
rPois   .          Reflect  .   r - +0 helmet
rElec   .          Harm     .   (no cloak)
rCorr   .          Rampage  .   (no gloves)
Will    +....                   (no boots)
Stlth   +.........              (no amulet)
HPRegen 0.20/turn               (no ring)
MPRegen 0.11/turn               (no ring)

@: glowing, drained
A: sense surroundings 1, otherworldly, glowing, explore regen
a: no special abilities


You were on level 6 of the Dungeon.
You visited 1 branch of the dungeon, and saw 6 of its levels.

You collected 212 gold pieces.

Inventory:

Hand Weapons
 a - a +0 war axe (weapon)
Missiles
 k - 2 silver boomerangs (quivered)
Armour
 c - a +0 buckler (worn)
 m - a +2 ring mail of cold resistance (worn)
 r - a +0 helmet (worn)
Jewellery
 u - a ring of magical power
 w - a ring of flight
Wands
 p - a wand of paralysis (3)
Scrolls
 e - a scroll of brand weapon {unknown}
 f - a scroll of immolation {unknown}
 g - 3 scrolls of teleportation {unknown}
 h - 3 scrolls of identify {unknown}
 i - a scroll of amnesia {unknown}
 j - 2 scrolls of enchant armour {unknown}
 n - 2 scrolls of enchant weapon {unknown}
Potions
 b - a potion of brilliance {unknown}
 d - 3 potions of might
 l - a potion of lignification {unknown}
 o - 3 potions of mutation {unknown}
 q - 2 potions of heal wounds {unknown}
 s - a potion of curing {unknown}
 t - 2 potions of ambrosia {unknown}
 v - a potion of attraction {unknown}
 z - a potion of haste {unknown}
Miscellaneous
 x - a piece from Xom's chessboard (12/15)


   Skills:
 + Level 5.7 Fighting
 + Level 5.6 Axes
 + Level 6.3 Armour
 + Level 6.2 Shields


You had 7 spell levels left.
You didn't know any spells.
Your spell library contained the following spells:

 Spells                   Type           Power      Damage    Failure   Level
 Static Discharge         Conj/Air       0%         3-3/arc   77%         2
 Dispel Undead            Necr           0%         3d6       100%        4
 Sticky Flame             Conj/Fire      0%         2d3       100%        4


Dungeon Overview and Level Annotations

Branches:
Dungeon (6/15) Zot: 559
 Temple: D:4-7

Altars:
Gozag
Nemelex Xobeh
Sif Muna

Shops:
D:5 *


Innate Abilities, Weirdness & Mutations

You passively map a small area around you.
You are easily found by Zot.
You glow in the dark.
You regain HP and MP as you explore.


Message History

The wight is lightly damaged.
The helpless wight fails to defend itself.
You slash the wight!
The wight is almost destroyed.
The helpless wight fails to defend itself.
You hit the wight.
You destroy the wight!
The wight hits you with a +0 hand axe.
Your Shields skill increases to level 6!
Aiming: Paralyse
Press: ? - help, Shift-Dir - straight line, f - wight
Aim: a wight, wielding a +0 hand axe and wearing a +0 robe (chance to affect: 49%)
The wight suddenly stops moving!
The helpless wight fails to defend itself.
You slash the wight!
You destroy the wight!
You hit the wight.
The wight is moderately damaged.
The wight hits you with a +1 dagger.
Aiming: Paralyse
Press: ? - help, Shift-Dir - straight line, f - wight
Aim: a wight, wielding a +1 dagger and wearing a +0 robe (moderately damaged, chance to affect: 49%)
The wight suddenly stops moving!
Unknown command.
The helpless wight fails to defend itself.
You hit the wight.
The wight is heavily damaged.
The helpless wight fails to defend itself.
You slash the wight!
You destroy the wight!
Something hits you.
You feel drained.
Your life force feels restored.
You barely miss something. Something hits you!
* * * LOW HITPOINT WARNING * * *
You feel drained.
* * * LOW HITPOINT WARNING * * *
You slash something! Something hits you!
* * * LOW HITPOINT WARNING * * *
You feel drained.
You die...

*, , , *
* , .....
, .... *
* , ....,
,,, ..# *
, ..# , *
#.# ,,
#{# ,,
#@#######
#....)..#
* *
#######.#
#.# #.#
#.# #.#
#.# #.#


There were no monsters in sight!

Vanquished Creatures
  A black bear (D:5)
  A bullfrog (D:4)
  A scorpion (D:4)
  4 wights (D:6)
  A jelly (D:5)
  An orc priest (D:5)
  2 hounds
  Natasha (D:4)
  4 iguanas
  8 adders
  4 dart slugs
  10 orcs
  6 ball pythons
  3 endoplasms
  4 giant cockroaches
  8 goblins
  6 hobgoblins
  5 kobolds
  4 quokkas
  3 bats
  3 frilled lizards
  6 rats
86 creatures vanquished.

Vanquished Creatures (others)
  4 plants (D:6)
4 creatures vanquished.

Grand Total: 90 creatures vanquished

Notes
Turn   | Place    | Note
-------+----------+-------------------------------------------
     0 | D:1      | Querens the Meteoran Fighter began the quest for the Orb.
     0 | D:1      | Reached XP level 1. HP: 19/19 MP: 2/2
   107 | D:1      | Reached XP level 2. HP: 22/26 MP: 3/3
   370 | D:1      | Reached XP level 3. HP: 29/31 MP: 4/4
   477 | D:1      | Glimpsed the power of Zot.
   527 | D:1      | Glimpsed the power of Zot.
   734 | D:2      | Reached XP level 4. HP: 40/40 MP: 5/5
  1074 | D:3      | Reached XP level 5. HP: 46/46 MP: 6/6
  1524 | D:3      | Found a sparkling altar of Nemelex Xobeh.
  1643 | D:3      | Glimpsed the power of Zot.
  1798 | D:4      | Reached XP level 6. HP: 11/53 MP: 7/7
  1897 | D:4      | Found a shimmering blue altar of Sif Muna.
  1992 | D:4      | Reached skill level 5 in Armour
  1992 | D:4      | Reached skill level 5 in Shields
  2099 | D:4      | Reached XP level 7. HP: 60/60 MP: 8/8
  2113 | D:4      | Noticed Natasha
  2123 | D:4      | Killed Natasha
  2223 | D:4      | Glimpsed the power of Zot.
  2270 | D:5      | Entered Level 5 of the Dungeon
  2291 | D:5      | Reached skill level 5 in Fighting
  2387 | D:5      | Found an opulent altar of Gozag.
  2492 | D:5      | Reached skill level 5 in Axes
  2697 | D:5      | Found Imelatzu's Elemental Accessories.
  2770 | D:5      | Reached XP level 8. HP: 46/68 MP: 9/9
  2810 | D:5      | Glimpsed the power of Zot.
  2860 | D:5      | Glimpsed the power of Zot.
  2942 | D:6      | Slain by a wight

Illustrated notes

Levels and vault maps discovered:
D:1:      evilmike_arrival_crescent, layout_loops_cross, serial_glass,
          glass_columns_c, glass_columns_a, glass_columns_a, glass_columns_a
D:2:      layout_basic
D:3:      layout_basic, nemelex_altar_shiori
D:4:      layout_basic, nicolae_sif_muna_little_library,
          amcnicky_mini_pool_small, uniq_natasha
D:5:      layout_basic, general_overflow_altar, hellmonk_bongcloud_opening,
          nicolae_elemental_shop, chequers_arboretum
D:6:      layout_basic, ashenzari_altar_1, okawaru_metal_pillars_1_2,
          vehumet_crystals, minmay_temple_entry_glass, chequers_big_river,
          kennysheep_generic_room_12

Skill      XL: |  1  2  3  4  5  6  7  8 |
---------------+-------------------------+-----
Shields        | 4 5 6 |  6.2
Armour         | 4 5 6 |  6.3
Axes           | 3 4 5 |  5.6
Fighting       | 4 5 |  5.7

Action                   |  1- 3 |  4- 6 |  7- 9 || total
-------------------------+-------+-------+-------++-------
Melee: War axe           |    79 |   106 |    97 ||   282
Evoke: Wand              |       |       |     6 ||     6
       Piece from Xom's  |       |       |     3 ||     3
 Stab: Paralysed         |       |       |     7 ||     7
Armor: Scale mail        |    33 |       |       ||    33
       Ring mail         |    17 |    44 |    45 ||   106
Dodge: Dodged            |    30 |    53 |    42 ||   125
Block: Buckler           |    24 |    25 |    22 ||    71

Table legend: (Time is in decaauts)
 A = Elapsed time spent in this place.
 B = Non-inter-level travel time spent in this place.
 C = Inter-level travel time spent in this place.
 D = Time resting spent in this place.
 E = Time spent auto-exploring this place.
 F = Levels seen in this place.
 G = Mean time per level.
                   A        B        C        D        E       F      G
               +--------+--------+--------+--------+--------+-----+--------+
         Total |   3039 |   2774 |    265 |      0 |      0 |   6 |  506.5 |
       Dungeon |   3039 |   2774 |    265 |      0 |      0 |   6 |  506.5 |
               +--------+--------+--------+--------+--------+-----+--------+

Top non-repeatable levels by time:
     D:3: 837 daAuts
     D:5: 614 daAuts
     D:4: 608 daAuts
     D:1: 583 daAuts
     D:2: 317 daAuts
     D:6: 78 daAuts
